 Dungeon Crawl Stone Soup version 0.27.1-35-g4d5d836560 (webtiles) character file.

Game seed: 13821595610647540898

11029 Delamore the Slicer (level 11, -5/76 HPs)
             Began as an Octopode Brigand on May 2, 2022.
             Was an Initiate of Gozag.
             Slain by a six-headed hydra (9 damage)
             ... on level 11 of the Dungeon.
             The game lasted 00:17:33 (15100 turns).

Delamore the Slicer (Octopode Brigand)             Turns: 15100, Time: 00:17:34

Health: -5/76      AC:  5    Str: 11    XL:     11   Next: 71%
Magic:  0/11       EV: 17    Int: 11    God:    Gozag
Gold:   149        SH:  0    Dex: 16    Spells: 10/10 levels left

rFire    . . .     SeeInvis .   U - +2 dagger (freeze)
rCold    . . .     Faith    .   (no shield)
rNeg     + . .     Spirit   +   (helmet restricted)
rPois    +         Reflect  .   S - amulet of guardian spirit
rElec    +         Harm     .   I - ring of positive energy
rCorr    +         Rampage  .   L - +4 ring of protection
Will     +....                  M - ring of willpower
Stlth    +++++.....             N - ring of Issiopop {Fly rElec rPois rCorr Int-3}
HPRegen  0.22/turn              R - ring of poison resistance
MPRegen  0.12/turn              (no ring)
                                (no ring)
                                (no ring)

@: flying
A: almost no armour, amphibious, 8 rings, camouflage 1, gelatinous body 1,
(nimble swimmer 1), tentacles
a: Renounce Religion, Potion Petition, Call Merchant, Bribe Branch


You were on level 11 of the Dungeon.
You worshipped Gozag.
Gozag was aware of your devotion.
You visited 3 branches of the dungeon, and saw 13 of its levels.

You collected 667 gold pieces.
You spent 304 gold pieces at shops.
You paid 214 gold pieces to Gozag.

Inventory:

Hand Weapons
 a - a +2 dagger
 t - a +1 dagger of protection
 E - a +0 short sword of speed
 O - a +0 war axe
 U - a +2 dagger of freezing (weapon)
Missiles
 s - 5 javelins
 w - 2 boomerangs
 H - 4 throwing nets
 J - a curare-tipped dart (quivered)
 K - 19 poisoned darts
Armour
 T - a +0 kite shield
Jewellery
 d - a ring of fire
 I - a ring of positive energy (left tentacle)
 L - a +4 ring of protection (right tentacle)
 M - a ring of willpower (on tentacle)
 N - the ring of Issiopop (on tentacle) {Fly rElec rPois rCorr Int-3}
   (You found it on level 10 of the Dungeon)

   [ring of flight]

   Int:       It affects your intelligence (-3).
   rElec:     It insulates you from electricity.
   rPois:     It protects you from poison.
   Fly:       It grants you flight.
   rCorr:     It protects you from acid and corrosion.
 R - a ring of poison resistance (on tentacle)
 S - an amulet of guardian spirit (around mantle)
Wands
 v - a wand of flame (9)
 x - a wand of digging (13)
 A - a wand of polymorph (13)
 F - a wand of paralysis (10)
 Q - a wand of acid (7)
Scrolls
 b - a scroll of magic mapping
 e - a scroll of summoning
 l - 5 scrolls of teleportation
 m - 2 scrolls of vulnerability
 o - a scroll of immolation
 r - 3 scrolls of noise
 u - 3 scrolls of blinking
 y - a scroll of enchant armour
 z - a scroll of holy word
 C - 2 scrolls of enchant weapon
Potions
 c - 2 potions of cancellation {unknown}
 f - 3 potions of heal wounds
 g - a potion of invisibility {unknown}
 h - a potion of lignification {unknown}
 i - 3 potions of resistance {unknown}
 j - 4 potions of curing
 k - a potion of magic {unknown}
 n - 2 potions of mutation {unknown}
 p - a potion of ambrosia {unknown}
 q - 3 potions of brilliance {unknown}
 B - 3 potions of attraction {unknown}
 D - a potion of haste {unknown}
 G - a potion of degeneration {unknown}
 P - a potion of might {unknown}


   Skills:
 + Level 7.7 Fighting
 + Level 11.4 Short Blades
 - Level 6.0 Throwing
 + Level 7.7 Dodging
 - Level 10.0 Stealth
 + Level 1.0 Shields
 - Level 5.0 Evocations


You had 10 spell levels left.
You didn't know any spells.
Your spell library contained the following spells:

 Spells                   Type           Power      Damage    Failure   Level
 Beastly Appendage        Tmut           0%         N/A       34%         1
 Foxfire                  Conj/Fire      0%         2x1d4     34%         1
 Poisonous Vapours        Pois/Air       0%         N/A       47%         2
 Wereblood                Tmut           0%         N/A       47%         2
 Conjure Flame            Conj/Fire      0%         6-21      71%         3
 Inner Flame              Hex/Fire       0%         N/A       71%         3
 Ozocubu's Armour         Ice            0%         N/A       71%         3
 Spider Form              Tmut/Pois      0%         N/A       71%         3
 Summon Lightning Spire   Summ/Air       0%         N/A       98%         4
 Freezing Cloud           Conj/Ice/Air   0%         6-21      100%        5
 Conjure Ball Lightning   Conj/Air       0%         3x3d6     100%        6
 Simulacrum               Ice/Necr       0%         N/A       100%        6
 Storm Form               Tmut/Air       0%         N/A       100%        7
 Maxwell's Capacitive Co  Air            0%         ∞         100%        8
 Polar Vortex             Ice            0%         N/A       100%        9


Dungeon Overview and Level Annotations

Branches:
Dungeon (11/15)            Temple (1/1) D:4            Lair (1/6) D:9
    Orc (0/2) D:10

Altars:
Ashenzari
Cheibriados
Dithmenos
Elyvilon
Fedhas
Gozag
Hepliaklqana
Kikubaaqudgha
Makhleb
Nemelex Xobeh
Okawaru
Qazlal
Ru
Sif Muna
Trog
Uskayaw
Vehumet
Wu Jian
Xom
Yredelemnul
Zin
The Shining One

Shops:
D:5 *   D:6 ?   D:7 *

Portals:
Abyss: D:7

Annotations:
D:7 2 transporters, brob1's ghost, novice DjFE


Innate Abilities, Weirdness & Mutations

You cannot wear most types of armour.
You are amphibious.
You can wear up to eight rings at the same time.
Your skin changes colour to match your surroundings (Stealth+).
Your rubbery body absorbs attacks. (AC +1, EV +1)
((You are camouflaged near water. (Stealth+)))
You have tentacles for arms and can constrict up to eight enemies at once.


Message History

The six-headed hydra bites you! The six-headed hydra bites you.
The six-headed hydra misses you. The six-headed hydra bites you!
The six-headed hydra bites you.
You are too injured to fight recklessly!
You are too injured to fight recklessly!
You are too injured to fight recklessly!
You puncture the six-headed hydra! You freeze the six-headed hydra.
You squeeze the six-headed hydra.
The six-headed hydra is severely wounded.
You hit the six-headed hydra.
The six-headed hydra seems to slow down.
You freeze the six-headed hydra.
The six-headed hydra is severely wounded.
You puncture the six-headed hydra!
The six-headed hydra seems to slow down.
You freeze the six-headed hydra.
The six-headed hydra is almost dead.
The six-headed hydra completely misses you.
The six-headed hydra barely misses you. The six-headed hydra bites you!
The six-headed hydra bites you.
* * * LOW HITPOINT WARNING * * *
The six-headed hydra barely misses you.
The six-headed hydra closely misses you.
You hit the six-headed hydra. You freeze the six-headed hydra.
The six-headed hydra is almost dead.
You hit the six-headed hydra.
The six-headed hydra seems to slow down.
You freeze the six-headed hydra.
The six-headed hydra is almost dead.
You hit the six-headed hydra.
The six-headed hydra seems to slow down.
You freeze the six-headed hydra.
The six-headed hydra is almost dead.
The six-headed hydra bites you.
* * * LOW HITPOINT WARNING * * *
The six-headed hydra misses you. x2; The six-headed hydra bites you!
* * * LOW HITPOINT WARNING * * *
The six-headed hydra bites you!
You die...
Your body crumbles into a pile of gold.

################ $$
##............... $
#..>.........##### $
#...)............#
#.....#.####$#########
#.....#.#..#.$@D....[.
###.#.#.#..#..######..
#.#.#....#..#
#.#.........#
#.#..<..###.[
#.#.....# ##. #.)...#
.. ###.#.# #. ..#.#


You could see a six-headed hydra (slow).

Vanquished Creatures
  Harold (D:9)
  Pikel (D:7)
  Maurice (D:8)
  Maggie (D:8)
  A cane toad (D:9)
  Psyche (D:11)
  A komodo dragon (D:9)
  A polar bear (Lair:1)
  2 trolls
  A hornet (D:9)
  Prince Ribbit (D:5)
  3 slime creatures (D:10)
  Sigmund (D:2)
  A wraith (D:7)
  A wyvern (D:8)
  11 yaks
  3 water moccasins
  An orc warrior (D:6)
  2 ice beasts
  4 ogres
  2 sky beasts
  2 necrophages
  A lemure (D:7)
  4 centaurs
  A phantom (D:5)
  2 kobold brigands
  4 scorpions (D:5)
  5 bullfrogs
  A gnoll sergeant (D:9)
  A wyvern skeleton (D:7)
  A water moccasin skeleton (D:5)
  4 killer bees (D:9)
  5 wights
  4 howler monkeys
  3 electric eels (D:4)
  4 centaur zombies
  5 hounds
  A bullfrog zombie (D:5)
  4 jellies
  An orc priest (D:9)
  2 bullfrog skeletons
  A centaur skeleton (D:5)
  2 gnoll shamans
  An iguana (D:5)
  5 orc wizards
  2 killer bee zombies
  A hound skeleton (D:4)
  A howler monkey zombie (D:9)
  17 gnolls
  4 adders
  2 shadow imps
  3 white imps
  2 ufetubi (D:5)
  A worm (D:4)
  2 dart slugs
  11 orcs
  6 bats
  8 endoplasms
  4 giant cockroaches
  5 goblins
  7 hobgoblins
  4 quokkas
  3 ball pythons
  4 frilled lizards
  12 kobolds
  5 rats
209 creatures vanquished.

Vanquished Creatures (others)
  4 plants
4 creatures vanquished.

Grand Total: 213 creatures vanquished

Notes
Turn   | Place    | Note
-------+----------+-------------------------------------------
     0 | D:1      | Delamore the Octopode Brigand began the quest for the Orb.
     0 | D:1      | Reached XP level 1. HP: 14/14 MP: 1/1
    71 | D:1      | Reached XP level 2. HP: 15/19 MP: 2/2
   387 | D:1      | Reached skill level 3 in Short Blades
   390 | D:1      | Reached XP level 3. HP: 24/24 MP: 3/3
   987 | D:2      | Found a faded altar of an unknown god.
  1219 | D:2      | Noticed Sigmund
  1229 | D:2      | Killed Sigmund
  1230 | D:2      | Reached skill level 4 in Short Blades
  1230 | D:2      | Reached XP level 4. HP: 5/29 MP: 4/4
  1230 | D:2      | Reached XP level 5. HP: 6/34 MP: 5/5
  1771 | D:3      | Found a radiant altar of Vehumet.
  1785 | D:3      | Reached skill level 5 in Short Blades
  2400 | D:3      | Reached XP level 6. HP: 34/39 MP: 6/6
  2702 | D:4      | Found a transporter.
  2705 | D:4      | Found a transporter.
  2731 | D:4      | Reached skill level 6 in Short Blades
  2973 | D:4      | Reached XP level 7. HP: 36/45 MP: 7/7
  3764 | D:4      | Found a staircase to the Ecumenical Temple.
  3780 | Temple   | Entered the Ecumenical Temple
  4040 | D:5      | Entered Level 5 of the Dungeon
  4091 | D:5      | Reached skill level 7 in Short Blades
  4179 | D:5      | Found Umil's Specific Store.
  4180 | D:5      | Found Atazxaeh's General Store.
  4203 | D:5      | Reached XP level 8. HP: 28/50 MP: 8/8
  4340 | D:5      | Bought a potion of curing for 42 gold pieces
  4345 | D:5      | Bought a scroll of fear for 45 gold pieces
  4879 | D:5      | Noticed Prince Ribbit
  4891 | D:5      | Killed Prince Ribbit
  4892 | D:5      | Reached skill level 8 in Short Blades
  5285 | D:5      | Reached skill level 10 in Stealth
  5560 | D:5      | Reached skill level 9 in Short Blades
  6122 | D:5      | Reached XP level 9. HP: 54/54 MP: 9/9
  6598 | D:5      | Reached skill level 10 in Short Blades
  7129 | D:5      | Reached skill level 1 in Evocations
  7314 | D:6      | Found a basalt altar of Yredelemnul.
  7325 | D:6      | Found a bloodstained altar of Trog.
  7503 | D:6      | Found a shimmering blue altar of Sif Muna.
  7511 | D:6      | Got Sif Muna's Tome of Venom
  7565 | D:6      | Found Kieghirgh's Magic Scroll Shoppe.
  7574 | D:6      | Bought a scroll of blinking for 90 gold pieces
  7574 | D:6      | Bought a scroll of noise for 12 gold pieces
  8307 | D:7      | Found a transporter.
  8319 | D:7      | Noticed a purple ugly thing
  8332 | D:7      | Found a transporter.
  8332 | D:7      | Noticed brob1's ghost (novice DjFE)
  8333 | D:7      | Found a one-way gate to the infinite horrors of the Abyss.
  8335 | D:7      | Noticed a sun demon
  8344 | D:7      | Noticed Pikel
  8383 | D:7      | Killed Pikel
  8384 | D:7      | Reached skill level 5 in Throwing
  8384 | D:7      | Reached XP level 10. HP: 51/63 MP: 10/10
  8874 | D:7      | Found a blossoming altar of Fedhas.
  8958 | D:7      | Found Eqawkiol's Assorted Antiques.
  8961 | D:7      | Bought a small ivory ring for 115 gold pieces
  9312 | D:8      | Noticed Maggie
  9319 | D:8      | Killed Maggie
  9402 | D:8      | You fall into a shaft and drop 2 floors!
  9402 | D:10     | Entered Level 10 of the Dungeon
  9694 | D:10     | Identified the ring of Issiopop {Fly rElec rPois rCorr
                  | Int-3}
 10339 | D:8      | Found a stormy altar of Qazlal.
 10457 | D:8      | Noticed Maurice
 10483 | D:8      | Killed Maurice
 10484 | D:8      | Reached skill level 5 in Fighting
 10484 | D:8      | Reached skill level 5 in Dodging
 10484 | D:8      | Reached skill level 5 in Evocations
 11183 | D:9      | Found an opulent altar of Gozag.
 11183 | D:9      | Found an ornate altar of the Wu Jian Council.
 11183 | D:9      | Noticed Harold
 11187 | D:9      | Killed Harold
 11194 | D:9      | Found a broken altar of Ashenzari.
 11200 | D:9      | Found a hazy altar of Hepliaklqana.
 11202 | D:9      | Found a faded altar of an unknown god.
 11263 | D:9      | Found a staircase to the Lair.
 11427 | D:9      | Reached XP level 11. HP: 57/72 MP: 11/11
 11769 | D:9      | Got the Grimoire of the Birds and the Glacier
 12628 | Lair:1   | Entered Level 1 of the Lair of Beasts
 12683 | D:9      | HP: 2/74 [cane toad (17)]
 13285 | D:10     | Found a staircase to the Orcish Mines.
 13664 | D:10     | Reached skill level 11 in Short Blades
 13840 | D:10     | Found a sacrificial altar of Ru.
 14373 | D:9      | Became a worshipper of Gozag Ym Sagoz the Greedy
 15034 | D:11     | Noticed Psyche
 15039 | D:11     | Killed Psyche
 15081 | D:11     | Reached skill level 1 in Shields
 15081 | D:11     | Noticed a six-headed hydra
 15100 | D:11     | Slain by a six-headed hydra

Illustrated notes

Levels and vault maps discovered:
D:1:      minmay_arrival_radiant_lines, layout_basic, serial_bayou_pond_a
D:2:      layout_basic, shapermc_ecumenical_altar_petra, uniq_sigmund
D:3:      layout_basic, fiery_altar_vehumet, eino_tiny_chamber
D:4:      gammafunk_steamed_eel, layout_rooms, temple_green
D:5:      minmay_razor_zed, layout_basic, nicolae_specific_store,
          corexii_corridor_pit, uniq_prince_ribbit1
D:6:      cheibrodos_quashed, layout_loops_ring,
          nzn_overflow_gifts_of_might_and_magic, mainiacjoe_overflow_brackets,
          serial_shops, nicolae_stop_n_shop_1, minmay_curled_crystal
D:7:      layout_cave_pools, nicolae_overflow_hidden_temple, serial_shops,
          kennysheep_mini, gammafunk_ghost_abyssal_escape,
          serial_bayou_lagoon_b, uniq_pikel
D:8:      layout_cave_pods, lemuel_coloured_pillars_altar, serial_column_ruins,
          column_ruins_columns_straight, column_ruins_columns_straight,
          column_ruins_columns_corner, column_ruins_grid_1,
          kennysheep_opposing_triangles, uniq_maggie, uniq_maurice
D:9:      layout_roguey, chequers_temple_overflow_minitemple, lair_entry_dummy,
          uniq_harold
D:10:     layout_rooms, mainiacjoe_overflow_alcove_4, minmay_misc_feat_five
D:11:     layout_basic, special_room [special_room_orc], uniq_psyche,
          uniq_erolcha
Temple:   minmay_temple_curvy_loop
Lair:1:   layout_concentric_octagons, cheibrodos_lair_lostbears,
          grunt_megastairs_1

Skill      XL: |  1  2  3  4  5  6  7  8  9 10 11 |
---------------+----------------------------------+-----
Short Blades   | 3 4 5 6 7 9 10 11 | 11.4
Stealth        | 7 8 10 | 10.0
Throwing       | 5 6 |  6.0
Evocations     | 3 5 |  5.0
Dodging        | 3 6 7 |  7.7
Fighting       | 3 6 7 |  7.7
Shields        | 1 |  1.0

Action                   |  1- 3 |  4- 6 |  7- 9 | 10-12 || total
-------------------------+-------+-------+-------+-------++-------
Melee: Dagger            |    67 |    55 |   274 |   767 ||  1163
       Constrict         |    12 |    10 |    32 |    47 ||   101
       Tentacles         |     9 |     5 |    59 |   185 ||   258
Throw: Dart              |     2 |     1 |    40 |    28 ||    71
       Javelin           |       |       |     4 |       ||     4
       Boomerang         |       |       |       |     3 ||     3
Evoke: Wand              |       |     4 |     2 |       ||     6
  Use: Scroll            |       |       |     5 |     4 ||     9
       Potion            |       |       |       |     7 ||     7
 Stab: Sleeping          |    12 |     6 |    16 |    13 ||    47
       Distracted        |     1 |       |     1 |     2 ||     4
       Invisible         |       |       |       |     1 ||     1
Armor: Skin              |     8 |     6 |    45 |   146 ||   205
Dodge: Dodged            |    26 |    24 |   104 |   384 ||   538
